 Dungeon Crawl Stone Soup version 0.29-a0-322-g68df515428 (webtiles) character file.

Game seed: 14881281148968238875

71 kae the Firebug (level 4, -2/25 HPs)
             Began as a Tengu Fire Elementalist on Apr 7, 2022.
             Slain by a hobgoblin (6 damage)
             ... led by Robin
             ... on level 2 of the Dungeon.
             The game lasted 00:01:00 (1938 turns).

kae the Firebug (Tengu Fire Elementalist)           Turns: 1938, Time: 00:01:00

Health: -2/25      AC:  2    Str:  8    XL:     4   Next: 24%
Magic:  8/8        EV: 12    Int: 18    God:
Gold:   39         SH:  0    Dex: 14    Spells: 6/7 levels left

rFire   + . .      SeeInvis .   i - staff of fire
rCold   . . .      Faith    .   (no shield)
rNeg    + . .      Spirit   .   a - +0 robe
rPois   .          Reflect  .   (helmet restricted)
rElec   .          Harm     .   (no cloak)
rCorr   .          Rampage  .   (no gloves)
Will    .....                   (boots unavailable)
Stlth   ++........              (no amulet)
HPRegen 0.08/turn               k - ring of positive energy
MPRegen 0.11/turn               (no ring)

@: about to teleport, weak-willed, attractive
A: beak, talons 3
a: no special abilities


You were on level 2 of the Dungeon.
You visited 1 branch of the dungeon, and saw 2 of its levels.

You collected 39 gold pieces.

Inventory:

Armour
 a - a +0 robe (worn)
Magical Staves
 i - a staff of fire (weapon)
Jewellery
 k - a ring of positive energy (left hand)
Scrolls
 c - 5 scrolls of identify
 j - a scroll of fog {unknown}
 l - a scroll of blinking {unknown}
Potions
 b - a potion of magic
 g - a potion of flight


   Skills:
 + Level 1.2 Fighting
 + Level 0.5 Staves
 + Level 1.1 Armour
 + Level 2.6 Dodging
 - Level 2.0 Stealth
 + Level 2.4 Spellcasting
 + Level 2.3 Conjurations
 + Level 3.6 Fire Magic
 + Level 0.5 Evocations


You had 6 spell levels left.
You knew the following spells:

 Your Spells              Type           Power      Damage    Failure   Level
a - Foxfire               Conj/Fire      76%        2x1d7     4%          1

Your spell library contained the following spells:

 Spells                   Type           Power      Damage    Failure   Level
 Scorch                   Fire           46%        2d7       6%          2
 Conjure Flame            Conj/Fire      19%        6-21      16%         3
 Inner Flame              Hex/Fire       13%        N/A       24%         3
 Flame Wave               Conj/Fire      19%        2d6       45%         4


Dungeon Overview and Level Annotations

Branches:
Dungeon (2/15)

Altars:

Shops:
D:2 *

Annotations:
D:2 Robin


Innate Abilities, Weirdness & Mutations

You have a beak for a mouth.
You have claws for feet.


Message History

The foxfire hits the goblin.
The goblin is moderately wounded.
You hit the goblin. Your kick misses the goblin.
The goblin is severely wounded.
The goblin hits you with a +0 dagger. The goblin misses you.
You hit the goblin. You burn the goblin.
You kill the goblin!
The goblin hits you with a +0 dagger.
Robin laughs in a distinctly smug fashion.
Robin throws the goblin at you! The goblin hits you with a +0 club.
* * * LOW HITPOINT WARNING * * *
You hit the goblin.
The goblin is almost dead.
The goblin hits you but does no damage. x2
You hit the goblin.
You kill the goblin!
The goblin hits you with a +0 dagger.
* * * LOW HITPOINT WARNING * * *
Unknown command.
Okay, then.
It was a potion of attraction.
You feel attractive to monsters. The goblin barely misses you.
The hobgoblin barely misses you.
Robin roars a battlecry!
The goblins go into a battle-frenzy!
Robin is attracted toward you.
As you read the scroll labelled MEMOOCS HUAG, it crumbles to dust.
Magic quickly surges around you.
It was a scroll of vulnerability.
The goblin closely misses you.
The hobgoblin hits you but does no damage.
Unknown command.
As you read the scroll labelled OWKISA GOOPACZE, it crumbles to dust.
You feel strangely unstable.
It was a scroll of teleportation.
The goblin barely misses you. The hobgoblin hits you.
* * * LOW HITPOINT WARNING * * *
As you read the scroll labelled KUTIANASTRO, it crumbles to dust.
It is a scroll of enchant weapon.
You aren't carrying any weapons that can be enchanted.
The goblin closely misses you. The hobgoblin hits you.
You die...

#.# #.## ..# #g#
..# #g# #.### #g#
....## #g#
#....####### #g#
#..........# #g#
.....#####.#####g#
###### #.....g@#
#########


You could see Robin (weak-willed), 2 hobgoblins and 5 goblins.

Vanquished Creatures
  Terence (D:2)
  2 adders (D:2)
  A worm (D:2)
  4 endoplasms
  2 giant cockroaches
  2 goblins (D:2)
  2 jackals (D:2)
  4 bats
  A frilled lizard (D:1)
  3 kobolds
22 creatures vanquished.

Vanquished Creatures (others)
  80 foxfires
80 creatures vanquished.

Grand Total: 102 creatures vanquished

Notes
Turn   | Place    | Note
-------+----------+-------------------------------------------
     0 | D:1      | kae the Tengu Fire Elementalist began the quest for the
                  | Orb.
     0 | D:1      | Reached XP level 1. HP: 10/10 MP: 4/4
   410 | D:1      | Reached XP level 2. HP: 16/16 MP: 3/6
   692 | D:2      | Found Piweav's General Store.
  1113 | D:2      | Reached XP level 3. HP: 20/20 MP: 2/7
  1254 | D:2      | Noticed Terence
  1264 | D:2      | Killed Terence
  1265 | D:2      | Reached skill level 1 in Fighting
  1265 | D:2      | Reached skill level 1 in Armour
  1367 | D:2      | Reached XP level 4. HP: 4/25 MP: 3/8
  1909 | D:2      | Noticed Robin
  1938 | D:2      | Slain by a hobgoblin

Illustrated notes

Levels and vault maps discovered:
D:1:      ncdulo_lavacross, layout_rooms, hangedman_decor_opposing
D:2:      layout_loops_cross, serial_shops, shop,
          hellmonk_ecumenical_altar_slurped_away, uniq_terence, uniq_robin

Skill      XL: |  1  2  3 |
---------------+----------+-----
Conjurations   | 2 |  2.3
Fighting       | 1 |  1.2
Armour         | 1 |  1.1
Staves         | |  0.5
Dodging        | |  2.6
Stealth        | |  2.0
Spellcasting   | |  2.4
Fire Magic     | |  3.6
Evocations     | |  0.5

Action                   |  1- 3 |  4- 6 || total
-------------------------+-------+-------++-------
Melee: Unarmed           |    10 |       ||    10
       Peck              |     2 |       ||     2
       Kick              |     2 |       ||     2
       Staff             |     2 |     4 ||     6
 Cast: Foxfire           |    47 |    10 ||    57
  Use: Scroll            |     1 |     3 ||     4
       Potion            |       |     1 ||     1
Armor: Robe              |     7 |     3 ||    10
Dodge: Dodged            |    25 |    11 ||    36

Table legend: (Time is in decaauts)
 A = Elapsed time spent in this place.
 B = Non-inter-level travel time spent in this place.
 C = Inter-level travel time spent in this place.
 D = Time resting spent in this place.
 E = Time spent auto-exploring this place.
 F = Levels seen in this place.
 G = Mean time per level.
                   A        B        C        D        E       F      G
               +--------+--------+--------+--------+--------+-----+--------+
         Total |   1937 |   1902 |     35 |    267 |   1396 |   2 |  968.5 |
       Dungeon |   1937 |   1902 |     35 |    267 |   1396 |   2 |  968.5 |
               +--------+--------+--------+--------+--------+-----+--------+

Top non-repeatable levels by time:
     D:2: 1245 daAuts
     D:1: 692 daAuts
